 Dungeon Crawl Stone Soup version 0.26-a0-84-g8c18429211 (webtiles) character file.

Game seed: 11189937817582903125

23578 Gargoyl the Schismatic (level 12, -1/90 HPs)
             Began as a Centaur Abyssal Knight on June 18, 2020.
             Was an Elder of Lugonu.
             Slain by a komodo dragon (10 damage)
             ... while petrified by you
             ... on level 5 of the Lair of Beasts on June 19, 2020.
             The game lasted 00:33:06 (21176 turns).

Gargoyl the Schismatic (Centaur Abyssal Knight)    Turns: 21176, Time: 00:33:07

Health: -1/90      AC: 22    Str: 17    XL:     12   Next: 73%
Magic:  19/19      EV:  1    Int: 11    God:    Lugonu [****..]
Gold:   833        SH:  0    Dex: 18    Spells: 11/11 levels left

rFire    . . .     SeeInvis .   a - +3 hand axe (vorpal)
rCold    . . .     Gourm    .   w - +1 kite shield {rPois}
rNeg     + + +     Faith    .   h - +0 plate armour
rPois    ∞         Spirit   .   s - +2 helmet
rElec    .         Reflect  .   k - +2 cloak {MR+}
rCorr    .         Harm     .   b - +0 pair of gloves
MR       +....                  (no barding)
Stlth    ..........             (no amulet)
HPRegen  0.25/turn              y - +4 ring of evasion
MPRegen  0.16/turn              d - +6 ring of dexterity

@: petrified, very quick
A: large, hooves 3, large bone plates 2, slimy green scales 1, deformed body,
speed 2, frail 1, poison resistance, tough skin 3
a: Depart the Abyss, Bend Space, Banish, Corrupt, Renounce Religion


You were on level 5 of the Lair of Beasts.
You worshipped Lugonu.
Lugonu was greatly pleased with you.
You were not hungry.

You visited 2 branches of the dungeon, and saw 15 of its levels.
You visited the Abyss 1 time.

You collected 1022 gold pieces.
You spent 189 gold pieces at shops.

Inventory:

Hand Weapons
 a - a +3 vorpal hand axe (weapon)
 p - a +1 hand axe of freezing
Armour
 b - a +0 pair of gloves (worn)
 h - a +0 plate armour (worn)
 k - a +2 cloak of magic resistance (worn)
 s - a +2 helmet (worn)
 w - a +1 kite shield of poison resistance (worn)
Jewellery
 d - a +6 ring of dexterity (right hand)
 e - an uncursed ring of protection from fire
 y - a +4 ring of evasion (left hand)
Wands
 g - a wand of disintegration (6)
 z - a wand of iceblast (23)
 F - a wand of flame (11)
Scrolls
 f - 2 scrolls of remove curse
 j - 5 scrolls of teleportation
 l - a scroll of summoning {unknown}
 m - 3 scrolls of identify
 q - a scroll of fog
 u - a scroll of fear
 B - a scroll of brand weapon
Potions
 i - 2 potions of cancellation
 n - 4 potions of stabbing
 o - 3 potions of haste {unknown}
 r - 4 potions of curing
 t - 2 potions of magic
 v - 4 potions of might {unknown}
 x - 2 potions of brilliance {unknown}
 C - 2 potions of heal wounds
 D - a potion of resistance {unknown}
 E - a potion of mutation
 H - 3 potions of lignification {unknown}
Miscellaneous
 A - a lightning rod (4/4)
Comestibles
 c - 28 rations


   Skills:
 + Level 7.5 Fighting
 + Level 9.5 Axes
 * Level 9.1 Armour
 * Level 6.3 Dodging
 + Level 5.2 Shields
 * Level 9.6 Invocations
 + Level 0.4 Evocations


You had 11 spell levels left.
You didn't know any spells.
Your spell library contained the following spells:

 Spells                   Type           Power        Failure   Level  Hunger
 Magic Dart               Conj           #...         100%        1    ##.....
 Searing Ray              Conj           #.....       100%        2    ###....
 Dazzling Flash           Conj/Hex       #.....       100%        3    ####...
 Fulminant Prism          Conj/Hex       #.........   100%        4    #####..
 Iskenderun's Mystic Bla  Conj/Tloc      #.......     100%        4    #####..


Dungeon Overview and Level Annotations

Branches:
Dungeon (9/15)             Temple (0/1) D:6            Lair (6/6) D:8
 Shoals (0/4) Lair:4       Spider (0/4) Lair:4        Slime (0/5) Lair:5
    Orc: D:9-12

Altars:
Ashenzari
Dithmenos
Fedhas
Gozag
Kikubaaqudgha
Makhleb
Okawaru
Ru
Sif Muna
Xom
Yredelemnul
Zin
The Shining One
Beogh

Shops:
D:5 *=!%   D:9 [

Annotations:
Lair:1 3 runed translucent doors, iVAG's ghost, journeyman DrCj
Abyss:1 Fannar


Innate Abilities, Weirdness & Mutations

You have hooves in place of feet.
Armour fits poorly on your strangely shaped body.
You cover ground very quickly.
You have extremely tough skin. (AC +3)
You are mostly covered in large bone plates. (SH +6)
You are partially covered in slimy green scales. (AC +2)
You are frail. (-10% HP)
Your system is resistant to poisons. (rPois)


Message History

The komodo dragon bites you! The fire elemental hits you.
The fire elemental burns you! The spiny frog stings you!
The fire elemental hits you. The fire elemental burns you!
The komodo dragon bites you.
The spiny frog stings you but does no damage.
The fire elemental hits you. The fire elemental burns you!
The komodo dragon bites you!
* * * LOW HITPOINT WARNING * * *
The spiny frog stings you but does no damage.
The fire elemental hits you. The fire elemental burns you!
* * * LOW HITPOINT WARNING * * *
The komodo dragon bites you but does no damage.
The spiny frog stings you!
* * * LOW HITPOINT WARNING * * *
The fire elemental hits you. The fire elemental burns you!
The spiny frog stings you but does no damage.
The fire elemental hits you. The fire elemental burns you!
* * * LOW HITPOINT WARNING * * *
The komodo dragon bites you!!
You die...

..#...."..................P......
........................!........
.................................
.................................
.....P...........................
.................................
.................................
..#............FE................
................@........#.#.....
.............#..l................
.............##........#.........
.............#............>......
.........(.............#.....#...
.................................
.........................#.#.....
.................................
.................................


You could see a komodo dragon, a spiny frog and a fire elemental.

Vanquished Creatures
  A death yak (Lair:5)
  Pikel (D:7)
  A lindwurm (Lair:2)
  2 black mambas (Lair:1)
  3 spiny frogs
  4 komodo dragons
  A jumping spider (Lair:4)
  2 trolls (D:9)
  16 blink frogs
  4 hippogriffs
  A spriggan (D:7)
  2 wyverns
  2 fire bats
  2 basilisks
  A hungry ghost (D:9)
  21 yaks
  Edmund (D:4)
  Duvessa (D:7)
  11 water moccasins
  8 porcupines
  2 slaves (D:6)
  2 sky beasts (D:9)
  4 black bears
  3 orc warriors
  An ice beast (D:9)
  3 phantoms
  5 ogres
  6 wolves (Lair:2)
  6 crocodiles
  11 centaurs
  A big kobold (D:8)
  11 bullfrogs
  Dowan (D:7)
  A wyvern skeleton (D:8)
  10 killer bees
  4 howler monkeys
  2 crimson imps
  7 jellies
  A bullfrog zombie (D:7)
  3 hounds
  2 centaur skeletons
  Crazy Yiuf (D:5)
  3 bullfrog skeletons
  8 orc priests
  An iguana (D:8)
  6 orc wizards
  12 worker ants
  A hound zombie (D:7)
  Robin (D:4)
  A howler monkey skeleton (D:7)
  4 gnolls (D:3)
  11 adders
  2 oozes
  2 adder zombies
  2 adder skeletons
  2 worms
  4 dart slugs
  5 leopard geckos
  47 orcs
  8 giant cockroaches
  2 gnoll zombies (D:8)
  19 goblins
  10 hobgoblins
  12 jackals
  10 kobolds
  2 quokkas
  A ball python (D:5)
  2 bats
  7 frilled lizards
  A leopard gecko skeleton (D:5)
  A quokka skeleton (D:4)
  4 rats
  A fungus (Lair:2)
364 creatures vanquished.

Vanquished Creatures (others)
  A hydra (Lair:1)
  The ghost of paps the Carver, a journeyman DsFi of Gozag (Lair:2)
  The ghost of iVAG the Destroyer, a novice DrCj of Vehumet (D:8)
  A black mamba (Lair:3)
  A blink frog (Lair:6)
  A vampire (D:9)
  A butterfly (Lair:5)
  4 fungi
  2 plants
13 creatures vanquished.

Grand Total: 377 creatures vanquished

Notes
Turn   | Place    | Note
-------+----------+-------------------------------------------
     0 | Abyss:1  | Gargoyl the Centaur Abyssal Knight began the quest for the
                  | Orb.
     0 | Abyss:1  | Reached XP level 1. HP: 19/19 MP: 2/2
    10 | Abyss:1  | Found a corrupted altar of Lugonu.
    61 | Abyss:1  | Noticed a hellwing
    91 | Abyss:1  | Noticed a wretched star
   101 | D:1      | Escaped the Abyss
   367 | D:1      | Reached XP level 2. HP: 26/26 MP: 3/3
   473 | D:1      | Reached * piety under Lugonu
   770 | D:1      | Reached skill level 1 in Dodging
   875 | D:2      | Reached XP level 3. HP: 23/31 MP: 4/4
  1983 | D:2      | Reached XP level 4. HP: 39/39 MP: 5/5
  2115 | D:2      | Found a shimmering blue altar of Sif Muna.
  2276 | D:1      | Gained mutation: You have sharp fingernails. [potion of
                  | mutation]
  2276 | D:1      | Gained mutation: Your mind is acute. (Int +2) [potion of
                  | mutation]
  2276 | D:1      | Gained mutation: Your muscles are strong. (Str +2) [potion
                  | of mutation]
  2276 | D:1      | Gained mutation: Your muscles are very strong. (Str +4)
                  | [potion of mutation]
  2420 | D:3      | Reached ** piety under Lugonu
  2489 | D:3      | Reached XP level 5. HP: 46/46 MP: 6/6
  2531 | D:3      | Found a glowing silver altar of Zin.
  2532 | D:3      | Found a burning altar of Makhleb.
  2533 | D:3      | Noticed an angel
  2535 | D:3      | Noticed a cacodemon
  3001 | D:3      | Found a faded altar of an unknown god.
  3204 | D:4      | Noticed Robin
  3416 | D:4      | Killed Robin
  3578 | D:4      | Reached *** piety under Lugonu
  3604 | D:4      | Noticed an ogre
  3832 | D:4      | Killed an ogre
  3832 | D:4      | Reached XP level 6. HP: 41/52 MP: 8/8
  4271 | D:5      | Entered Level 5 of the Dungeon
  4347 | D:5      | Reached XP level 7. HP: 11/59 MP: 9/9
  4633 | D:5      | Found Tityrghe's Food Shop.
  5178 | D:4      | Noticed Edmund
  5203 | D:4      | Killed Edmund
  5748 | D:5      | Reached XP level 8. HP: 35/66 MP: 10/10
  5932 | D:5      | Found Pusuin's Assorted Antiques.
  6027 | D:5      | Found Kalipnal's Jewellery Shoppe.
  6072 | D:5      | Found Delit's Distillery.
  6133 | D:5      | Found a runed translucent door.
  6134 | D:5      | Noticed Crazy Yiuf
  6375 | D:5      | Killed Crazy Yiuf
  6375 | D:5      | Reached **** piety under Lugonu
  6395 | D:5      | Lost mutation: You have sharp fingernails. [potion of
                  | mutation]
  6395 | D:5      | Lost mutation: Your mind is acute. (Int +2) [potion of
                  | mutation]
  6395 | D:5      | Lost mutation: Your muscles are very strong. (Str +4)
                  | [potion of mutation]
  6395 | D:5      | Lost mutation: Your muscles are strong. (Str +2) [potion of
                  | mutation]
  6395 | D:5      | Gained mutation: You are partially covered in slimy green
                  | scales. (AC +2) [potion of mutation]
  6395 | D:5      | Gained mutation: Your body sometimes deteriorates upon
                  | taking damage. [potion of mutation]
  6395 | D:5      | Gained mutation: You are partially covered in large bone
                  | plates. (SH +4) [potion of mutation]
  6396 | D:5      | Lost mutation: Your body sometimes deteriorates upon taking
                  | damage. [potion of mutation]
  6396 | D:5      | Gained mutation: You are mostly covered in large bone
                  | plates. (SH +6) [potion of mutation]
  6396 | D:5      | Gained mutation: You are frail. (-10% HP) [potion of
                  | mutation]
  6396 | D:5      | Gained mutation: Your system is resistant to poisons.
                  | (rPois) [potion of mutation]
  6768 | D:6      | Reached skill level 5 in Armour
  7404 | D:6      | Found a staircase to the Ecumenical Temple.
  7516 | D:6      | Found a sacrificial altar of Ru.
  7577 | D:6      | Reached skill level 5 in Axes
  8014 | D:7      | Reached XP level 9. HP: 46/65 MP: 12/12
  8134 | D:7      | Reached skill level 5 in Invocations
  8478 | D:7      | Reached skill level 5 in Fighting
  8540 | D:7      | Noticed Duvessa
  8540 | D:7      | Noticed Dowan
  8640 | D:7      | Noticed Pikel
  8890 | D:7      | Killed Duvessa
  8901 | D:7      | Killed Dowan
  9008 | D:7      | Killed Pikel
  9445 | D:8      | Found an iron altar of Okawaru.
  9553 | D:8      | Found a glowing golden altar of the Shining One.
  9554 | D:8      | Found an ancient bone altar of Kikubaaqudgha.
  9554 | D:8      | Found a shadowy altar of Dithmenos.
  9554 | D:8      | Found an opulent altar of Gozag.
  9556 | D:8      | Found a blossoming altar of Fedhas.
  9558 | D:8      | Found a shimmering altar of Xom.
  9599 | D:8      | Found a staircase to the Lair.
  9870 | D:8      | Reached XP level 10. HP: 55/74 MP: 14/14
  9965 | D:8      | Found a runed translucent gate.
  9970 | D:8      | Found a runed translucent gate.
  9970 | D:8      | Found a runed translucent gate.
 10087 | D:8      | Found a basalt altar of Yredelemnul.
 10154 | D:8      | Noticed iVAG's ghost (novice DrCj)
 10189 | D:8      | Banished iVAG's ghost
 10564 | D:9      | Found a roughly hewn altar of Beogh.
 10575 | D:9      | Reached skill level 1 in Shields
 11510 | D:9      | Found a shattered altar of Ashenzari.
 12058 | D:9      | Found Ytosh's Armour Boutique.
 12066 | D:9      | Bought a +1 kite shield of poison resistance for 189 gold
                  | pieces
 12604 | Lair:1   | Entered Level 1 of the Lair of Beasts
 12835 | Lair:1   | Noticed a black mamba
 12847 | Lair:1   | Killed a black mamba
 12900 | Lair:1   | Noticed a black mamba
 12918 | Lair:1   | Killed a black mamba
 12918 | Lair:1   | Reached XP level 11. HP: 50/81 MP: 16/16
 13432 | Lair:1   | Found a runed translucent gate.
 13433 | Lair:1   | Found a runed translucent gate.
 13434 | Lair:1   | Found a runed translucent gate.
 13435 | Lair:1   | Noticed iVAG's ghost (journeyman DrCj)
 13661 | Lair:1   | Noticed Fannar
 13661 | Lair:1   | Noticed a six-headed hydra
 13724 | Lair:2   | Reached skill level 5 in Dodging
 13824 | Lair:1   | Banished a six-headed hydra
 13858 | Lair:1   | Banished Fannar
 14228 | Lair:2   | Found a runed translucent gate.
 14230 | Lair:2   | Found a runed translucent gate.
 14231 | Lair:2   | Found a runed translucent gate.
 14231 | Lair:2   | Noticed a lindwurm
 14233 | Lair:2   | Noticed paps's ghost (journeyman DsFi)
 14252 | Lair:2   | Banished paps's ghost
 14270 | Lair:2   | Killed a lindwurm
 16888 | Lair:4   | Found a staircase to the Shoals.
 16920 | Lair:3   | Reached XP level 12. HP: 72/90 MP: 18/18
 17941 | Lair:4   | Found a hole to the Spider Nest.
 18469 | Lair:5   | Found a staircase to the Slime Pits.
 19266 | Lair:5   | Noticed a seven-headed hydra
 19269 | Lair:5   | Banished a seven-headed hydra
 19300 | Lair:5   | Reached skill level 5 in Shields
 19983 | Lair:6   | Entered Level 6 of the Lair of Beasts
 20086 | Lair:6   | Noticed a death yak
 20401 | Lair:5   | Killed a death yak
 20990 | Lair:6   | Noticed a catoblepas
 21176 | Lair:5   | Slain by a komodo dragon

Illustrated notes

Levels and vault maps discovered:
D:1:      scummos_arrival_gate, layout_basic, grunt_decor_one_mirror,
          minmay_misc_feat_square
D:2:      minmay_alternating_diamond, layout_loops_cross, lemuel_blue_sif_altar
D:3:      layout_loops_cross, grunt_temple_overflow_order_and_chaos_2,
          chequers_ecumenical_altar_grove
D:4:      layout_gridville, uniq_robin, uniq_edmund
D:5:      layout_basic, cheibrodos_sewer_entry_drain, first_ration,
          serial_shops, shop, shop, shop, kennysheep_mini,
          uniq_crazy_yiuf_cottage
D:6:      layout_basic, hangedman_ru_absence, minmay_temple_entry_overgrown,
          zaba_anthole
D:7:      layout_loops_ring, the_bakery, uniq_pikel, uniq_duvessa
D:8:      layout_cave_pools, minitemple, lemuel_zombie_altar_yredelemnul,
          dpeg_oklobed_lair, ebering_ghost_rock_garden, serial_column_ruins,
          column_ruins_open_small, column_ruins_corridor_corner,
          column_ruins_open_tiny
D:9:      layout_roguey [special_room_orc], serial_shops, shop,
          nicolae_ashenzari_panopticon
Lair:1:   layout_misc_corridors, gammafunk_ghost_necromancy, uniq_fannar
Lair:2:   layout_loops_ring, gammafunk_ghost_split, grunt_forest_small_clearings
Lair:3:   layout_concentric_octagons, chequers_serial_rivers_micro_c
Lair:4:   layout_cellular_growth, minmay_shoals_entry_centaurs,
          spider_nest_entry_a, chequers_serial_rivers_micro_c,
          grunt_megastairs_2
Lair:5:   layout_gridlike, nicolae_slime_entry_slimehenge, lemuel_fruit_fields
Lair:6:   evilmike_catoblepas_cave, layout_gridlike,
          infiniplex_staircase_pool_2, lemuel_fruit_tree

Skill      XL: |  1  2  3  4  5  6  7  8  9 10 11 12 |
---------------+-------------------------------------+-----
Dodging        | 1 2 3 4 5 6 |  6.3
Axes           | 2 3 4 5 6 7 8 9 |  9.5
Armour         | 2 3 4 5 6 7 8 9 |  9.1
Invocations    | 3 4 6 7 8 9 |  9.6
Fighting       | 4 5 6 7 |  7.5
Shields        | 2 4 5 |  5.2
Evocations     | |  0.4

Action                   |  1- 3 |  4- 6 |  7- 9 | 10-12 || total
-------------------------+-------+-------+-------+-------++-------
Melee: Hand axe          |   117 |   153 |   534 |  1050 ||  1854
       Kick              |    13 |    37 |   153 |   386 ||   589
Invok: Depart the Abyss  |     1 |       |       |       ||     1
       Banish            |       |       |       |    12 ||    12
       Bend Space        |       |       |       |     1 ||     1
Evoke: Wand              |       |       |       |     7 ||     7
  Use: Potion            |     1 |     1 |     6 |     2 ||    10
       Scroll            |     5 |     5 |     4 |     9 ||    23
  Eat: Chunk             |     2 |     7 |    15 |    31 ||    55
       Ration            |       |       |       |     3 ||     3
Armor: Plate armour      |   105 |   139 |   411 |   599 ||  1254
Dodge: Dodged            |    15 |    45 |   107 |   152 ||   319
Block: Other             |       |       |   124 |     1 ||   125
       Kite shield       |       |       |       |   846 ||   846

Table legend:
 A = Non-vault XP
 B = Vault XP
 C = Vault XP percentage of total XP
 D = Non-vault monster count
 E = Vault monster count
 F = Vault count percentage of total count
                 A         B        C        D         E       F
            +---------+---------+-------+---------+---------+-------
      Total |   27081 |    6602 |  19.6 |     291 |      77 |  20.9
            +---------+---------+-------+---------+---------+-------
        D:1 |      35 |       0 |   0.0 |      17 |       0 |   0.0
        D:2 |      59 |       6 |   9.2 |      16 |       5 |  23.8
        D:3 |     204 |      20 |   8.9 |      25 |      10 |  28.6
        D:4 |     497 |     185 |  27.1 |      27 |       4 |  12.9
        D:5 |     840 |      44 |   5.0 |      22 |       4 |  15.4
        D:6 |     826 |     136 |  14.1 |      16 |       4 |  20.0
        D:7 |     899 |    1112 |  55.3 |      25 |       4 |  13.8
        D:8 |     958 |     702 |  42.3 |      20 |       7 |  25.9
        D:9 |    2758 |     219 |   7.4 |      29 |      21 |  42.0
     Lair:1 |    3612 |     790 |  17.9 |      17 |       1 |   5.6
     Lair:2 |    5382 |    1462 |  21.4 |      27 |       4 |  12.9
     Lair:3 |    1158 |       0 |   0.0 |       6 |       0 |   0.0
     Lair:4 |    3588 |     988 |  21.6 |      18 |      10 |  35.7
     Lair:5 |    4054 |     938 |  18.8 |      16 |       3 |  15.8
     Lair:6 |    2211 |       0 |   0.0 |      10 |       0 |   0.0
            +---------+---------+-------+---------+---------+-------
